 Dungeon Crawl Stone Soup version 0.22.1-2-g9c5b331 (webtiles) character file.

723 empire the Carver (level 7, -14/88 HPs)
             Began as a Minotaur Fighter on Nov 21, 2018.
             Demolished by Duvessa
             ... wielding a +7 rapier of venom
              (16 damage)
             ... on level 5 of the Dungeon.
             The game lasted 00:06:30 (3969 turns).

empire the Carver (Minotaur Fighter)                Turns: 3969, Time: 00:06:31

Health: -14/88     AC: 23    Str: 27    XL:     7   Next: 43%
Magic:  6/6        EV:  2    Int:  5    God:
Gold:   98         SH: 10    Dex: 15    Spells: 6/6 levels left

rFire    . . .     SeeInvis .   a - +0 long sword
rCold    . . .     Gourm    .   c - +0 shield
rNeg     + + +     Faith    .   (armour currently unavailable)
rPois    +         Spirit   .   (helmet currently unavailable)
rElec    .         Reflect  .   (cloak currently unavailable)
rCorr    .         Harm     .   (gloves currently unavailable)
MR       .....     NoTele   +   (boots currently unavailable)
Stlth    ++........             (no amulet)
HPRegen  0.24/turn              (no ring)
MPRegen  0.10/turn              (no ring)

@: mighty, agile, tree-form
A: (retaliatory headbutt)
a: no special abilities


You were on level 5 of the Dungeon.
You were not hungry.
You were a tree.
You visited 1 branch of the dungeon, and saw 5 of its levels.

You collected 254 gold pieces.
You spent 156 gold pieces at shops.

Inventory:

Hand Weapons
 a - a +0 long sword (weapon)
Armour
 b - a +0 scale mail (melded)
 c - a +0 shield (worn)
 p - a +0 cloak (melded)
 q - a +0 pair of boots (melded)
Wands
 j - a wand of digging (14)
 r - a wand of enslavement (7)
Scrolls
 e - 2 scrolls of teleportation {unknown}
 g - 5 scrolls of identify {unknown}
 h - 4 scrolls of remove curse {unknown}
 k - 5 scrolls of enchant armour {unknown}
 m - a scroll of random uselessness {unknown}
 u - a scroll of fog {unknown}
Potions
 d - a potion of might
 o - 2 potions of lignification
 s - a potion of degeneration {unknown}
 t - a potion of flight
Comestibles
 f - 6 rations


   Skills:
 - Level 4.1 Fighting
 * Level 8.4 Long Blades
 - Level 4.1 Armour
 - Level 4.0 Dodging
 - Level 4.0 Shields


You had 6 spell levels left.
You didn't know any spells.
Your spell library was empty.

Dungeon Overview and Level Annotations

Branches:
Dungeon (5/15)
 Temple: D:4-7

Altars:
Wu Jian

Shops:
D:4 !   D:5 [

Annotations:
D:5 Duvessa


Innate Abilities, Weirdness & Mutations

((You reflexively headbutt those who attack you in melee.))
((You have a pair of horns on your head.))


Message History

You hit Duvessa.
Duvessa is heavily wounded.
You feel sick.
Duvessa hits you with a rapier of venom!
* * * LOW HITPOINT WARNING * * *
You slash Duvessa!
Duvessa is severely wounded.
* * * LOW HITPOINT WARNING * * *
You feel sick. You block Duvessa's attack.
Duvessa hits you with a rapier of venom!
* * * LOW HITPOINT WARNING * * *
Unknown command.
You feel better.
Duvessa hits you with a rapier of venom.
* * * LOW HITPOINT WARNING * * *
You closely miss Duvessa.
Duvessa is severely wounded.
Duvessa hits you but does no damage.
Duvessa hits you with a rapier of venom!
You die...

....................# ..
....................#
... ...................#
..###.................#
###....................#
#...........#########'##
#...........# #......#
#........)..####.######
......e♣.###...).#######
.........# #.....#......
.........###.....#.....#
.................#####.#
..............>.........
....####.#...#.....###.#
.... ###...###...# #.#
... .#+## ###.# #.# ..
#####.#


You could see Duvessa (berserk).

Vanquished Creatures
  An ice beast (D:5)
  2 scorpions
  Dowan (D:5)
  A howler monkey (D:5)
  A bullfrog zombie (D:5)
  Crazy Yiuf (D:2)
  An orc priest (D:4)
  An iguana (D:4)
  Jessica (D:2)
  Ijyb (D:3)
  3 orc wizards
  Robin (D:4)
  7 adders
  A howler monkey skeleton (D:4)
  3 oozes
  2 worms
  10 orcs
  A giant cockroach (D:1)
  13 goblins
  16 hobgoblins
  6 jackals
  7 kobolds
  2 quokkas (D:2)
  4 bats
  6 frilled lizards
  8 rats
101 creatures vanquished.

Notes
Turn   | Place    | Note
-------+----------+-------------------------------------------
     0 | D:1      | empire the Minotaur Fighter began the quest for the Orb.
     0 | D:1      | Reached XP level 1. HP: 19/19 MP: 0/0
   112 | D:1      | Reached XP level 2. HP: 21/27 MP: 1/1
   297 | D:1      | Reached skill level 3 in Long Blades
   838 | D:2      | Noticed Jessica
   845 | D:2      | Killed Jessica
   845 | D:2      | Reached XP level 3. HP: 29/33 MP: 2/2
  1025 | D:2      | Reached skill level 4 in Long Blades
  1090 | D:2      | Reached XP level 4. HP: 40/40 MP: 3/3
  1228 | D:2      | Found a runed door.
  1889 | D:2      | Noticed Crazy Yiuf
  1892 | D:2      | Killed Crazy Yiuf
  1892 | D:2      | Reached skill level 5 in Long Blades
  1892 | D:2      | Reached skill level 1 in Dodging
  1892 | D:2      | Reached XP level 5. HP: 35/46 MP: 2/4
  1945 | D:3      | Found an ornate altar of the Wu Jian Council.
  2262 | D:3      | Noticed Ijyb
  2287 | D:3      | Killed Ijyb
  2607 | D:3      | Reached skill level 6 in Long Blades
  2856 | D:4      | Found Nosaih's Distillery.
  2856 | D:4      | Noticed Robin
  3014 | D:3      | Reached XP level 6. HP: 29/52 MP: 5/5
  3160 | D:4      | Killed Robin
  3179 | D:4      | Bought a potion of lignification for 36 gold pieces
  3179 | D:4      | Bought a potion of agility for 48 gold pieces
  3179 | D:4      | Bought a potion of flight for 36 gold pieces
  3230 | D:4      | Bought a potion of curing for 36 gold pieces
  3281 | D:4      | Reached skill level 7 in Long Blades
  3751 | D:5      | Entered Level 5 of the Dungeon
  3765 | D:5      | Reached XP level 7. HP: 41/59 MP: 6/6
  3771 | D:5      | Found Ycir's Armour Boutique.
  3913 | D:5      | Reached skill level 8 in Long Blades
  3949 | D:5      | Noticed Dowan
  3953 | D:5      | Killed Dowan
  3953 | D:5      | Noticed Duvessa
  3967 | D:5      | HP: 1/88 [Duvessa/rapier of venom (7)]
  3969 | D:5      | Demolished by Duvessa

Skill      XL: |  1  2  3  4  5  6  7 |
---------------+----------------------+-----
Long Blades    | 3 4 5 6 7 8 |  8.4
Fighting       | 4 |  4.1
Armour         | 4 |  4.1
Shields        | 4 |  4.0
Dodging        | 1 2 3 4 |  4.0

Action                   |  1- 3 |  4- 6 |  7- 9 || total
-------------------------+-------+-------+-------++-------
Melee: Long sword        |    53 |   174 |    19 ||   246
       Headbutt          |     8 |    31 |     3 ||    42
  Use: Potion            |       |     1 |     5 ||     6
  Eat: Chunk             |     1 |     8 |     1 ||    10
Armor: Scale mail        |    24 |   128 |     5 ||   157
       Skin              |       |       |     1 ||     1
Dodge: Dodged            |    13 |    85 |     8 ||   106
Block: Shield            |    20 |   111 |     8 ||   139
       Rpst.: Long sword |     2 |    13 |     4 ||    19
